 Dungeon Sprint DCSS version 0.31-a0-920-g28cbb04a8c (webtiles) character file.

Game seed: 4623611975571301934

3009 sircluck the Grappler (level 9, -16/105 HPs)
             Began as a Troll Berserker on Oct 17, 2023.
             Was an Elder of Trog.
             Demolished by a deep elf high priest
             ... wielding a +4 mace of holy wrath
              (17 damage)
             ... in the Dungeon (Sprint VII: "The Pits").
             The game lasted 00:02:32 (556 turns).

sircluck the Grappler (Troll Berserker)              Turns: 556, Time: 00:02:34

Health: -16/105    AC:  4    Str: 30 (31) XL:     9   Next: 54%
Magic:  0/8        EV: 13    Int:  3      God:    Trog [****..]
Gold:   0          SH:  0    Dex:  9      Spells: 8/8 levels left

rFire   . .          .
                       - Unarmed
rCold   . . .        (no shield)
rNeg    . . .        a - +0 animal skin
rPois   .            (helmet restricted)
rElec   .            (no cloak)
rCorr   .            (gloves unavailable)
SInv    .            (boots unavailable)
Will    .....        (no amulet)
Stlth   +            (no ring)
HPRegen 1.17/turn    (no ring)
MPRegen 0.11/turn

%: no teleportation
@: no status effects
A: large, unfitting armour, claws 3, regeneration 1, shaggy fur 1, tough skin 1
a: Renounce Religion, Berserk, Trog's Hand, Brothers in Arms


You were in the Dungeon.
You worshipped Trog.
Trog was greatly pleased with you.
You visited 1 branch

Inventory:

Armour
 a - a +0 animal skin (worn)
Potions
 c - a potion of heal wounds
 d - a potion of haste
 e - 2 potions of magic
 f - a potion of berserk rage


   Skills:
 + Level 11.3 Fighting
 + Level 11.2 Dodging
 + Level 13.2 Unarmed Combat


You had 8 spell levels left.
You didn't know any spells.
Your spell library was empty.

Dungeon Overview and Level Annotations

Branches:
Dungeon (1/1)

Altars:


Innate Abilities, Weirdness & Mutations

You are too large for most types of armour.
You have claws for hands.
Your natural rate of healing is unusually fast.
You are covered in fur. (AC +1)
You have tough skin. (AC +1)


Message History

A yaktaur comes into view.
The yaktaur unwields a +0 arbalest.
The yaktaur hits your ogre!
Your ogre hits the yaktaur with a +0 giant club!!
The yaktaur wields a +0 arbalest.
The yaktaur shoots a bolt.
The bolt hits you!
You hear a shout!
Your ogre hits the yaktaur with a +0 giant club!
The yaktaur hits your ogre!
Your ogre hits the yaktaur with a +0 giant club!!
The yaktaur dies!
Trog accepts your kill.
A yaktaur comes into view.
It is wielding a +3 falchion of electrocution.
The yaktaur shoots a bolt.
The bolt misses you.
Unknown command.
Unknown command.
You swap places.
Something hits you!!
Deactivating autopickup; reactivate with Ctrl-A.
Something hits you but does no damage. Something stings you!
You feel weakened.
The yaktaur wields a +1 arbalest of electrocution.
You hear the crackle of electricity.
The yaktaur shoots a bolt.
You feel you are being watched by something.
You feel your power leaking away. Something hits you. Something hits you!
Something stings you!
* * * LOW HITPOINT WARNING * * *
Unknown command.
Unknown command.
Unknown command.
Blink to where?
Press: ? - help, Q - select action, (/) - cycle Dir - move target
Found a +0 pair of gloves of strength.
As you read the scroll of blinking, it crumbles to dust.
The emperor scorpion stings you!
* * * LOW HITPOINT WARNING * * *
The emperor scorpion claws you.
* * * LOW HITPOINT WARNING * * *
The emperor scorpion claws you.
* * * LOW HITPOINT WARNING * * *
The deep elf high priest hits you with a +4 mace of holy wrath!
You die...

+..........#
#..#....#..#
#..........+
#..........+
###''####''#
###''####''##########
#......##............
#.#+##.##)...........
#c#e@+.##..##########
#.csc#.##..#
#c#V=+.##..#
++###########.'.{#.##..#
.......##..##O##)#.##..#
#......##..##..§...##..#
.......''..##########..#
.......''..##########..#
#......##...........†..#


You could see an emperor scorpion, a deep elf high priest, 3 yaktaurs, a vampire
and a friendly ogre (summoned, berserk).

Vanquished Creatures
  A lindwurm (D)
  A deep elf zephyrmancer (D)
  A black mamba (D)
  A freezing wraith (D)
  A hellwing (D)
  3 blink frogs (D)
  A jumping spider (shapeshifter) (D)
  A chaos spawn (D)
  A redback (D)
  An acid dragon (D)
  A small abomination (D)
  An adder skeleton (D)
14 creatures vanquished.

Vanquished Creatures (collateral kills)
  A yaktaur (D)
1 creature vanquished.

Grand Total: 15 creatures vanquished

Notes
Turn   | Place    | Note
-------+----------+-------------------------------------------
     0 | D        | sircluck the Troll Berserker began the quest for the Orb.
     0 | D        | Reached XP level 1. HP: 22/22 MP: 0/0
    34 | D        | Noticed a black mamba
    34 | D        | Noticed a redback
    45 | D        | Killed a black mamba
    46 | D        | Reached skill level 8 in Unarmed Combat
    46 | D        | Reached XP level 2. HP: 19/37 MP: 1/1
    46 | D        | Reached XP level 3. HP: 23/45 MP: 2/2
    46 | D        | Reached XP level 4. HP: 28/53 MP: 3/3
    46 | D        | Reached XP level 5. HP: 32/61 MP: 4/4
    46 | D        | Reached XP level 6. HP: 36/68 MP: 5/5
   101 | D        | Noticed a lindwurm
   106 | D        | Killed a redback
   108 | D        | Reached ** piety under Trog
   109 | D        | Reached skill level 9 in Unarmed Combat
   112 | D        | Killed a lindwurm
   113 | D        | Reached skill level 10 in Unarmed Combat
   113 | D        | Reached XP level 7. HP: 83/83 MP: 6/6
   151 | D        | Noticed a deep elf zephyrmancer
   152 | D        | Noticed a chaos spawn
   158 | D        | Killed a deep elf zephyrmancer
   158 | D        | Reached *** piety under Trog
   159 | D        | Reached skill level 11 in Unarmed Combat
   159 | D        | Reached XP level 8. HP: 92/92 MP: 7/7
   181 | D        | Noticed a black mamba
   183 | D        | Noticed a hellwing
   190 | D        | Killed a hellwing
   191 | D        | Reached skill level 10 in Fighting
   192 | D        | a black mamba changed into a jumping spider
   192 | D        | Noticed a jumping spider (shapeshifter)
   195 | D        | Killed a jumping spider
   196 | D        | Reached skill level 10 in Dodging
   353 | D        | Noticed a blink frog
   353 | D        | Noticed a blink frog
   353 | D        | Noticed a blink frog
   353 | D        | Noticed a freezing wraith
   360 | D        | Reached **** piety under Trog
   361 | D        | Reached skill level 12 in Unarmed Combat
   366 | D        | Killed a blink frog
   367 | D        | Reached XP level 9. HP: 94/102 MP: 8/8
   370 | D        | Killed a freezing wraith
   385 | D        | Reached skill level 13 in Unarmed Combat
   549 | D        | Noticed an emperor scorpion
   549 | D        | Noticed a yaktaur
   549 | D        | Noticed a yaktaur
   550 | D        | Noticed a deep elf high priest
   551 | D        | Noticed a yaktaur
   554 | D        | Killed a yaktaur
   554 | D        | Noticed a yaktaur
   556 | D        | HP: 1/105 [emperor scorpion (5)]
   556 | D        | Demolished by a deep elf high priest

Illustrated notes

Levels and vault maps discovered:
D:        pitsprint [storerooms_1, entrance_room_1, metal_vault_2, armoury_1,
          mini_pit_1, grid_room_1, main_hall_1, silver_pit, the_coven_3,
          the_vestibule_1, steel_vault_2, golden_pit, hallway_of_sentries,
          crystal_vault_4, iron_vault_1, final_vault]

Skill      XL: |  1  2  3  4  5  6  7  8  9 |
---------------+----------------------------+-----
Fighting       | 6 9 10 11 | 11.3
Dodging        | 6 8 9 10 11 | 11.2
Unarmed Combat | 8 10 11 12 13 | 13.2

Action                     |  1- 3 |  4- 6 |  7- 9 || total
---------------------------+-------+-------+-------++-------
  Melee: Unarmed           |     5 |     7 |    42 ||    54
         Punch             |       |       |     1 ||     1
 Invoke: Berserk           |     1 |     1 |     1 ||     3
         Brothers in Arms  |       |       |     1 ||     1
    Use: Potion            |       |       |     1 ||     1
         Scroll            |       |       |     1 ||     1
 Armour: Animal skin       |     3 |     4 |    38 ||    45
  Dodge: Dodged            |     3 |     3 |    23 ||    29

Table legend: (Time is in decaauts)
 A = Elapsed time spent in this place.
 B = Non-inter-level travel time spent in this place.
 C = Inter-level travel time spent in this place.
 D = Time resting spent in this place.
 E = Time spent auto-exploring this place.
 F = Levels seen in this place.
 G = Mean time per level.
                   A        B        C        D        E       F      G
               +--------+--------+--------+--------+--------+-----+--------+
         Total |    567 |    567 |      0 |    203 |      0 |   1 |  567.0 |
       Dungeon |    567 |    567 |      0 |    203 |      0 |   1 |  567.0 |
               +--------+--------+--------+--------+--------+-----+--------+

Top non-repeatable levels by time:
       D: 567 daAuts
